 Dungeon Sprint DCSS version 0.32-a0-996-gb3226c233f (webtiles) character file.

Game seed: 3003342660039924550

6800000 packetloss the Axe Maniac (level 27, -30/228 HPs)
             Began as a Djinni Gladiator on Apr 23, 2024.
             Was the Champion of Makhleb.
             Annihilated by a meat berserker
             ... wielding a +9 battleaxe
              (59 damage)
             ... in the Dungeon (Sprint VIII: "Arena of Blood").
             The game lasted 00:03:29 (68 turns).

packetloss the Axe Maniac (Djinni Gladiator)          Turns: 68, Time: 00:03:30

Health: -30/228    AC:  8    Str: 13    XL:     27
Gold:   0          EV: 32    Int: 13    God:    Makhleb [******] SH:  0 Dex: 26

rFire   + + .        k - +∞ Axe of Woe
rCold   x . .        (shield currently unavailable)
rNeg    . . .        b - +0 leather armour
rPois   ∞            c - +0 helmet
rElec   .            (no cloak)
rCorr   .            (no gloves)
SInv    .            (boots unavailable)
Will    ++...        (no amulet)
Stlth   ++++++++++   (no ring)
HPRegen 0.58/turn    (no ring)

%: no teleportation, infuse magic (-31 HP)
@: vertiginous, flying, slowed, very slow
A: sickness immunity, fire resistance 2, cold vulnerability 1, float, innate
caster, HP casting, extra vitality 1
a: Renounce Religion, Minor Destruction, Lesser Servant of Makhleb, Major
Destruction, Greater Servant of Makhleb


You were in the Dungeon.
You worshipped Makhleb.
Makhleb was exalted by your worship.
You visited 1 branch

Inventory:

Hand Weapons
 a - a +0 war axe
 k - the +∞ Axe of Woe (weapon)
   (You found it in the Dungeon)
Missiles
 d - 3 throwing nets (quivered)
 e - a javelin
Armour
 b - a +0 leather armour (worn)
 c - a +0 helmet (worn)
Scrolls
 j - a scroll of blinking
Potions
 f - a potion of curing
 g - a potion of heal wounds
 h - a potion of haste
 i - a potion of berserk rage


   Skills:
 O Level 27 Fighting
 + Level 25.3(27) Short Blades
 + Level 25.3(27) Long Blades
 O Level 27 Axes
 O Level 27 Maces & Flails
 O Level 27 Polearms
 O Level 27 Staves
 + Level 23.5 Ranged Weapons
 O Level 27 Throwing
 O Level 27 Armour
 O Level 27 Dodging
 O Level 27 Stealth
 O Level 27 Shields
 O Level 27 Unarmed Combat
 O Level 27 Spellcasting
 O Level 27 Conjurations
 O Level 27 Hexes
   Level 0.0 Charms
 O Level 27 Summonings
 O Level 27 Necromancy
 O Level 27 Translocations
   Level 0.0 Transmutations
 O Level 27 Fire Magic
 O Level 27 Ice Magic
 O Level 27 Air Magic
 O Level 27 Earth Magic
 O Level 27 Alchemy
 O Level 27 Invocations
 O Level 27 Evocations
 + Level 23.5 Shapeshifting


You knew the following spells:

 Your Spells              Type           Power      Damage    Failure   Level
a - Magic Dart            Conj           100%       1d8       1%          1
b - Ensorcelled Hibernat  Hex/Ice        100%       N/A       1%          2
c - Static Discharge      Conj/Air       100%       3-8/arc   1%          2
d - Animate Dead          Necr           73%        N/A       1%          4
e - Cause Fear            Hex            36%        N/A       1%          4
f - Alistair's Intoxicat  Alch           48%        N/A       1%          5
g - Bombard               Conj/Erth      36%        9d6       1%          6
h - Malign Gateway        Summ/Tloc      36%        N/A       1%          7
i - Seismic Cannonade     Alch/Erth      36%        6d13      1%          7
j - Discord               Hex            36%        N/A       1%          8
k - Enfeeble              Hex            36%        N/A       1%          7
l - Disjunction           Tloc           36%        N/A       1%          8
m - Polar Vortex          Ice            36%        12d4*     8%          9
Your spell library was empty.

Dungeon Overview and Level Annotations

Branches:
Dungeon (1/1)

Altars:
Makhleb

Annotations:
D The Servant


Innate Abilities, Weirdness & Mutations

You are immune to sickness and miasma.
You are immune to poison.
Your flesh is very heat resistant. (rF++)
You are vulnerable to cold. (rC-)
You float through the air rather than walking.
You learn spells naturally, not from books.
Your magical power is your life essence.
You have superior vitality. (+4 MHP)


Message History

Makhleb accepts your kill.
You carve the bag of meat like a ham!!!
You butcher the bag of meat messily.
You kill the bag of meat!
Makhleb accepts your kill.
You feel extremely nervous for a moment...
Your body is wracked with pain!
A meat berserker comes into view. It is wielding a +9 battleaxe.
The destroyer hits something with a +9 heavy great sword!!!!!!
Makhleb accepts your kill.
You feel a bit more experienced.
A bag of meat comes into view. It is wielding a +9 war axe.
The bag of meat is engulfed in blazing flames.
Something hits the destroyer!!! x2
The bag of meat is engulfed in blazing flames.
You hear a shout!
Your base Short Blades skill gained 2 levels and is now at level 25!
Your base Long Blades skill gained 2 levels and is now at level 25!
Your Ranged Weapons skill gained 2 levels and is now at level 23!
You have mastered Shields!
You have mastered Evocations!
Your Shapeshifting skill gained 2 levels and is now at level 23!
You slice the sculptor of flesh!!
You chop the sculptor of flesh into pieces.
You destroy the sculptor of flesh!
Makhleb accepts your kill.
You feel better.
You slash the bag of meat!
You hew the bag of meat violently.
You kill the bag of meat!
Makhleb accepts your kill.
You feel better.
The meat berserker rages.
A meat beast comes into view.
The destroyer hits the meat beast with a +9 heavy great sword!!!!!
The destroyer bites the meat beast!
Something closely misses the destroyer.
A meat berserker comes into view. It is wielding a +9 battleaxe.
The Servant hits you from afar with a +9 glaive of flaming!!!!
Ouch! That really hurt!
* * * LOW HITPOINT WARNING * * *
The Servant burns you!
* * * LOW HITPOINT WARNING * * *
The meat berserker hits you with a +9 battleaxe!!!
You die...

..o.....o..
......)).
#......)# #§.
..oo# .. .###).
.O.###...
...§oo###)..o....
...oOoO_o)@))....
.o..#)))))#......
. #_)O@_# .....
#.).°○# ....
.....O._)☼☼o)....
..o...###))§)O...
.###.. .☼§###o2.
#.. .).# V #O.
.Oo# .. ... o. ..


You could see a meat beast (fast, distracted), The Servant, a large bag of meat
(inner flame), 6 meat berserkers, 12 bags of meat and a neutral destroyer (fast,
strong, frenzied, distracted).

Vanquished Creatures
  3 royal mummies (D)
  13 vampire knights (D)
  23 ogres (D)
  4 two-headed ogres (D)
  34 orcs (D)
  5 skeletal warriors (D)
82 creatures vanquished.

Vanquished Creatures (collateral kills)
  3 ogres (D)
  A hydra (D)
  20 orcs (D)
  A skeletal warrior (D)
25 creatures vanquished.

Vanquished Creatures (others)
  A two-headed ogre (D)
  23 orcs (D)
24 creatures vanquished.

Grand Total: 131 creatures vanquished

Notes
Turn   | Place    | Note
-------+----------+-------------------------------------------
     0 | D        | Found the +∞ Axe of Woe
     0 | D        | packetloss the Djinni Gladiator began the quest for the
                  | Orb.
     0 | D        | Reached XP level 1. HP: 18/18 MP: 0/0
     1 | D        | Noticed a bag of meat
     2 | D        | Noticed a meat berserker
     2 | D        | Noticed a bag of meat
     3 | D        | Noticed a bag of meat
     4 | D        | Became a worshipper of Makhleb the Destroyer
     4 | D        | Noticed a bag of meat
     5 | D        | Killed a meat berserker
     5 | D        | Killed a bag of meat
     5 | D        | Reached * piety under Makhleb
     5 | D        | Noticed a bag of meat
     6 | D        | Reached skill level 16 in Fighting
     6 | D        | Reached skill level 14 in Axes
     6 | D        | Reached skill level 14 in Throwing
     6 | D        | Reached skill level 18 in Dodging
     6 | D        | Reached XP level 2. HP: 45/45 MP: 0/0
     6 | D        | Reached XP level 3. HP: 50/50 MP: 0/0
     6 | D        | Learned a level 1 spell: Magic Dart
     6 | D        | Reached XP level 4. HP: 57/57 MP: 0/0
     6 | D        | Reached XP level 5. HP: 62/62 MP: 0/0
     6 | D        | Learned a level 2 spell: Ensorcelled Hibernation
     6 | D        | Reached XP level 6. HP: 69/69 MP: 0/0
     6 | D        | Reached XP level 7. HP: 75/75 MP: 0/0
     6 | D        | Learned a level 2 spell: Static Discharge
     6 | D        | Reached XP level 8. HP: 81/81 MP: 0/0
     6 | D        | Reached XP level 9. HP: 86/86 MP: 0/0
     6 | D        | Learned a level 4 spell: Animate Dead
     6 | D        | Reached XP level 10. HP: 93/93 MP: 0/0
     6 | D        | Reached XP level 11. HP: 99/99 MP: 0/0
     6 | D        | Learned a level 4 spell: Cause Fear
     6 | D        | Reached XP level 12. HP: 105/105 MP: 0/0
     6 | D        | Reached XP level 13. HP: 111/111 MP: 0/0
     6 | D        | Learned a level 5 spell: Alistair's Intoxication
     6 | D        | Noticed a bag of meat
     6 | D        | Noticed a meat berserker
     6 | D        | Noticed a bag of meat
     7 | D        | Killed a bag of meat
     8 | D        | Reached skill level 17 in Axes
     8 | D        | Killed a bag of meat
     8 | D        | Noticed a meat berserker
     8 | D        | Noticed a bag of meat
     9 | D        | Reached skill level 19 in Axes
     9 | D        | Reached XP level 14. HP: 117/117 MP: 0/0
     9 | D        | Noticed a bag of meat
    10 | D        | Killed a meat berserker
    10 | D        | Reached ** piety under Makhleb
    10 | D        | Noticed a bag of meat
    10 | D        | Noticed a meat berserker
    11 | D        | Reached skill level 23 in Axes
    11 | D        | Noticed a bag of meat
    11 | D        | Noticed a bag of meat
    11 | D        | Noticed a meat berserker
    12 | D        | Killed a meat berserker
    12 | D        | Killed a bag of meat
    13 | D        | Reached skill level 27 in Axes
    13 | D        | Reached XP level 15. HP: 91/123 MP: 0/0
    13 | D        | Learned a level 6 spell: Bombard
    14 | D        | Reached *** piety under Makhleb
    15 | D        | Reached skill level 18 in Fighting
    15 | D        | Reached skill level 19 in Dodging
    15 | D        | Killed a meat berserker
    15 | D        | Noticed a meat berserker
    16 | D        | Reached skill level 20 in Fighting
    16 | D        | Reached skill level 22 in Dodging
    16 | D        | Reached XP level 16. HP: 123/139 MP: 0/0
    17 | D        | Reached skill level 21 in Fighting
    17 | D        | Reached skill level 23 in Dodging
    17 | D        | Killed a meat berserker
    17 | D        | Reached **** piety under Makhleb
    18 | D        | Reached skill level 23 in Fighting
    18 | D        | Reached skill level 25 in Dodging
    18 | D        | Reached XP level 17. HP: 152/152 MP: 0/0
    18 | D        | Learned a level 7 spell: Malign Gateway
    18 | D        | Noticed a meat berserker
    19 | D        | Reached skill level 26 in Fighting
    19 | D        | Reached skill level 27 in Dodging
    19 | D        | Noticed a destroyer
    19 | D        | Noticed a destroyer
    20 | D        | Reached skill level 27 in Fighting
    20 | D        | Reached skill level 6 in Spellcasting
    20 | D        | Reached skill level 6 in Conjurations
    20 | D        | Reached skill level 6 in Hexes
    20 | D        | Reached skill level 6 in Summonings
    20 | D        | Reached skill level 6 in Necromancy
    20 | D        | Reached skill level 6 in Translocations
    20 | D        | Reached skill level 6 in Fire Magic
    20 | D        | Reached skill level 6 in Ice Magic
    20 | D        | Reached skill level 6 in Air Magic
    20 | D        | Reached skill level 6 in Earth Magic
    20 | D        | Reached skill level 6 in Alchemy
    20 | D        | Killed a destroyer
    20 | D        | Reached ***** piety under Makhleb
    21 | D        | Reached skill level 15 in Spellcasting
    21 | D        | Reached skill level 15 in Conjurations
    21 | D        | Reached skill level 15 in Hexes
    21 | D        | Reached skill level 15 in Summonings
    21 | D        | Reached skill level 15 in Necromancy
    21 | D        | Reached skill level 15 in Translocations
    21 | D        | Reached skill level 15 in Fire Magic
    21 | D        | Reached skill level 15 in Ice Magic
    21 | D        | Reached skill level 15 in Air Magic
    21 | D        | Reached skill level 15 in Earth Magic
    21 | D        | Reached skill level 15 in Alchemy
    21 | D        | Reached XP level 18. HP: 167/167 MP: 0/0
    21 | D        | Noticed a destroyer
    21 | D        | Noticed a meat berserker
    22 | D        | Reached skill level 18 in Spellcasting
    22 | D        | Reached skill level 18 in Conjurations
    22 | D        | Reached skill level 18 in Hexes
    22 | D        | Reached skill level 18 in Summonings
    22 | D        | Reached skill level 18 in Necromancy
    22 | D        | Reached skill level 18 in Translocations
    22 | D        | Reached skill level 18 in Fire Magic
    22 | D        | Reached skill level 18 in Ice Magic
    22 | D        | Reached skill level 18 in Air Magic
    22 | D        | Reached skill level 18 in Earth Magic
    22 | D        | Reached skill level 18 in Alchemy
    22 | D        | Killed a meat berserker
    23 | D        | Reached skill level 21 in Spellcasting
    23 | D        | Reached skill level 21 in Conjurations
    23 | D        | Reached skill level 21 in Hexes
    23 | D        | Reached skill level 21 in Summonings
    23 | D        | Reached skill level 21 in Necromancy
    23 | D        | Reached skill level 21 in Translocations
    23 | D        | Reached skill level 21 in Fire Magic
    23 | D        | Reached skill level 21 in Ice Magic
    23 | D        | Reached skill level 21 in Air Magic
    23 | D        | Reached skill level 21 in Earth Magic
    23 | D        | Reached skill level 21 in Alchemy
    23 | D        | Killed a destroyer
    23 | D        | Noticed a large bag of meat
    24 | D        | Reached skill level 24 in Spellcasting
    24 | D        | Reached skill level 24 in Conjurations
    24 | D        | Reached skill level 24 in Hexes
    24 | D        | Reached skill level 24 in Summonings
    24 | D        | Reached skill level 24 in Necromancy
    24 | D        | Reached skill level 24 in Translocations
    24 | D        | Reached skill level 24 in Fire Magic
    24 | D        | Reached skill level 24 in Ice Magic
    24 | D        | Reached skill level 24 in Air Magic
    24 | D        | Reached skill level 24 in Earth Magic
    24 | D        | Reached skill level 24 in Alchemy
    24 | D        | Reached XP level 19. HP: 174/174 MP: 0/0
    24 | D        | Learned a level 7 spell: Seismic Cannonade
    24 | D        | Noticed a large bag of meat
    24 | D        | Killed a meat berserker
    24 | D        | Noticed a meat berserker
    25 | D        | Reached skill level 27 in Spellcasting
    25 | D        | Reached skill level 27 in Conjurations
    25 | D        | Reached skill level 27 in Hexes
    25 | D        | Reached skill level 27 in Summonings
    25 | D        | Reached skill level 27 in Necromancy
    25 | D        | Reached skill level 27 in Translocations
    25 | D        | Reached skill level 27 in Fire Magic
    25 | D        | Reached skill level 27 in Ice Magic
    25 | D        | Reached skill level 27 in Air Magic
    25 | D        | Reached skill level 27 in Earth Magic
    25 | D        | Reached skill level 27 in Alchemy
    25 | D        | Reached skill level 6 in Armour
    25 | D        | Reached skill level 5 in Stealth
    25 | D        | Reached skill level 6 in Invocations
    25 | D        | Reached ****** piety under Makhleb
    25 | D        | Noticed a meat berserker
    26 | D        | Reached skill level 10 in Armour
    26 | D        | Reached skill level 9 in Stealth
    26 | D        | Reached skill level 10 in Invocations
    26 | D        | Killed a large bag of meat
    27 | D        | Reached skill level 15 in Armour
    27 | D        | Reached skill level 13 in Stealth
    27 | D        | Reached skill level 15 in Invocations
    27 | D        | Reached XP level 20. HP: 170/181 MP: 0/0
    27 | D        | Noticed a destroyer
    27 | D        | Killed a destroyer
    27 | D        | Noticed a destroyer
    28 | D        | Reached skill level 18 in Armour
    28 | D        | Reached skill level 17 in Stealth
    28 | D        | Reached skill level 18 in Invocations
    28 | D        | Killed a meat berserker
    29 | D        | Reached skill level 21 in Armour
    29 | D        | Reached skill level 19 in Stealth
    29 | D        | Reached skill level 21 in Invocations
    29 | D        | Reached XP level 21. HP: 187/187 MP: 0/0
    29 | D        | Learned a level 8 spell: Discord
    29 | D        | Killed a destroyer
    29 | D        | Killed a destroyer
    29 | D        | Noticed a meat berserker
    30 | D        | Reached skill level 24 in Armour
    30 | D        | Reached skill level 22 in Stealth
    30 | D        | Reached skill level 24 in Invocations
    30 | D        | Noticed a destroyer
    30 | D        | Killed a destroyer
    30 | D        | Noticed a destroyer
    30 | D        | Noticed a meat berserker
    31 | D        | Reached skill level 26 in Armour
    31 | D        | Reached skill level 24 in Stealth
    31 | D        | Reached skill level 26 in Invocations
    31 | D        | Reached XP level 22. HP: 194/194 MP: 0/0
    31 | D        | Noticed a meat berserker
    31 | D        | Noticed a destroyer
    33 | D        | Reached skill level 27 in Armour
    33 | D        | Reached skill level 26 in Stealth
    33 | D        | Reached skill level 27 in Invocations
    33 | D        | Killed a meat berserker
    33 | D        | Killed a meat berserker
    34 | D        | Reached skill level 27 in Stealth
    34 | D        | Reached skill level 7 in Maces & Flails
    34 | D        | Reached skill level 7 in Polearms
    34 | D        | Reached skill level 15 in Throwing
    34 | D        | Reached skill level 8 in Unarmed Combat
    35 | D        | Reached skill level 16 in Throwing
    35 | D        | Reached skill level 9 in Unarmed Combat
    35 | D        | Killed a destroyer
    35 | D        | Killed a destroyer
    35 | D        | Noticed a meat berserker
    36 | D        | Reached skill level 14 in Maces & Flails
    36 | D        | Reached skill level 14 in Polearms
    36 | D        | Reached skill level 19 in Throwing
    36 | D        | Reached skill level 16 in Unarmed Combat
    36 | D        | Reached XP level 23. HP: 201/201 MP: 0/0
    36 | D        | Learned a level 7 spell: Enfeeble
    37 | D        | Reached skill level 15 in Maces & Flails
    37 | D        | Reached skill level 15 in Polearms
    37 | D        | Reached skill level 20 in Throwing
    37 | D        | Reached skill level 18 in Unarmed Combat
    37 | D        | Killed a large bag of meat
    37 | D        | Noticed a destroyer
    38 | D        | Reached skill level 16 in Maces & Flails
    38 | D        | Reached skill level 16 in Polearms
    39 | D        | Reached skill level 21 in Throwing
    39 | D        | Reached skill level 19 in Unarmed Combat
    39 | D        | Noticed a large bag of meat
    40 | D        | Reached skill level 17 in Maces & Flails
    40 | D        | Reached skill level 17 in Polearms
    40 | D        | Reached skill level 20 in Unarmed Combat
    41 | D        | Noticed a large bag of meat
    42 | D        | Reached skill level 19 in Maces & Flails
    42 | D        | Reached skill level 19 in Polearms
    42 | D        | Reached skill level 22 in Throwing
    42 | D        | Reached skill level 22 in Unarmed Combat
    42 | D        | Reached XP level 24. HP: 180/208 MP: 0/0
    43 | D        | Reached skill level 23 in Throwing
    45 | D        | Reached skill level 21 in Maces & Flails
    45 | D        | Reached skill level 21 in Polearms
    45 | D        | Reached skill level 24 in Throwing
    45 | D        | Reached skill level 24 in Unarmed Combat
    46 | D        | Reached skill level 22 in Maces & Flails
    46 | D        | Reached skill level 22 in Polearms
    46 | D        | Reached skill level 25 in Throwing
    46 | D        | Reached skill level 25 in Unarmed Combat
    47 | D        | Reached skill level 26 in Unarmed Combat
    47 | D        | Killed a destroyer
    48 | D        | Reached skill level 23 in Maces & Flails
    48 | D        | Reached skill level 23 in Polearms
    48 | D        | Reached skill level 26 in Throwing
    48 | D        | Reached skill level 27 in Unarmed Combat
    48 | D        | Reached XP level 25. HP: 214/214 MP: 0/0
    48 | D        | Learned a level 8 spell: Disjunction
    48 | D        | Noticed an accursed
    48 | D        | Noticed a large bag of meat
    50 | D        | Reached skill level 24 in Maces & Flails
    50 | D        | Reached skill level 24 in Polearms
    50 | D        | Reached skill level 27 in Throwing
    52 | D        | Noticed an accursed
    52 | D        | Noticed an accursed
    52 | D        | Killed a large bag of meat
    53 | D        | Reached skill level 26 in Maces & Flails
    53 | D        | Reached skill level 26 in Polearms
    53 | D        | Noticed a destroyer
    53 | D        | Noticed a destroyer
    54 | D        | Reached skill level 27 in Maces & Flails
    54 | D        | Reached skill level 27 in Polearms
    54 | D        | Reached skill level 3 in Staves
    54 | D        | Noticed a destroyer
    54 | D        | Noticed a destroyer
    54 | D        | Killed a destroyer
    55 | D        | Reached skill level 16 in Staves
    56 | D        | Reached skill level 17 in Staves
    56 | D        | Killed an accursed
    56 | D        | Noticed an accursed
    57 | D        | Reached skill level 27 in Staves
    57 | D        | Reached XP level 26. HP: 193/221 MP: 0/0
    57 | D        | Noticed The Servant
    57 | D        | Killed a large bag of meat
    58 | D        | Reached skill level 6 in Short Blades
    58 | D        | Reached skill level 6 in Long Blades
    58 | D        | Reached skill level 6 in Ranged Weapons
    58 | D        | Reached skill level 7 in Shields
    58 | D        | Reached skill level 7 in Evocations
    58 | D        | Reached skill level 6 in Shapeshifting
    58 | D        | Killed a destroyer
    58 | D        | Noticed a destroyer
    58 | D        | Noticed a destroyer
    59 | D        | Reached skill level 12 in Short Blades
    59 | D        | Reached skill level 12 in Long Blades
    59 | D        | Reached skill level 11 in Ranged Weapons
    59 | D        | Reached skill level 13 in Shields
    59 | D        | Reached skill level 13 in Evocations
    59 | D        | Reached skill level 11 in Shapeshifting
    60 | D        | Reached skill level 15 in Short Blades
    60 | D        | Reached skill level 15 in Long Blades
    60 | D        | Reached skill level 13 in Ranged Weapons
    60 | D        | Reached skill level 16 in Shields
    60 | D        | Reached skill level 16 in Evocations
    60 | D        | Reached skill level 13 in Shapeshifting
    60 | D        | Reached XP level 27. HP: 215/228 MP: 0/0
    60 | D        | Learned a level 9 spell: Polar Vortex
    60 | D        | Noticed a large bag of meat
    61 | D        | Reached skill level 17 in Short Blades
    61 | D        | Reached skill level 17 in Long Blades
    61 | D        | Reached skill level 16 in Ranged Weapons
    61 | D        | Reached skill level 18 in Shields
    61 | D        | Reached skill level 18 in Evocations
    61 | D        | Reached skill level 16 in Shapeshifting
    61 | D        | Killed a destroyer
    62 | D        | Reached skill level 18 in Short Blades
    62 | D        | Reached skill level 18 in Long Blades
    62 | D        | Reached skill level 17 in Ranged Weapons
    62 | D        | Reached skill level 20 in Shields
    62 | D        | Reached skill level 20 in Evocations
    62 | D        | Reached skill level 17 in Shapeshifting
    63 | D        | Reached skill level 19 in Short Blades
    63 | D        | Reached skill level 19 in Long Blades
    63 | D        | Reached skill level 18 in Ranged Weapons
    63 | D        | Reached skill level 21 in Shields
    63 | D        | Reached skill level 21 in Evocations
    63 | D        | Reached skill level 18 in Shapeshifting
    63 | D        | Killed an accursed
    63 | D        | Noticed a large bag of meat
    64 | D        | Reached skill level 21 in Short Blades
    64 | D        | Reached skill level 21 in Long Blades
    64 | D        | Reached skill level 20 in Ranged Weapons
    64 | D        | Reached skill level 23 in Shields
    64 | D        | Reached skill level 23 in Evocations
    64 | D        | Reached skill level 20 in Shapeshifting
    64 | D        | Killed a destroyer
    65 | D        | Reached skill level 22 in Short Blades
    65 | D        | Reached skill level 22 in Long Blades
    65 | D        | Reached skill level 21 in Ranged Weapons
    65 | D        | Reached skill level 24 in Shields
    65 | D        | Reached skill level 24 in Evocations
    65 | D        | Reached skill level 21 in Shapeshifting
    66 | D        | Killed a large bag of meat
    67 | D        | Reached skill level 23 in Short Blades
    67 | D        | Reached skill level 23 in Long Blades
    67 | D        | Reached skill level 25 in Shields
    67 | D        | Reached skill level 25 in Evocations
    67 | D        | Killed an accursed
    68 | D        | Reached skill level 25 in Short Blades
    68 | D        | Reached skill level 25 in Long Blades
    68 | D        | Reached skill level 23 in Ranged Weapons
    68 | D        | Reached skill level 27 in Shields
    68 | D        | Reached skill level 27 in Evocations
    68 | D        | Reached skill level 23 in Shapeshifting
    68 | D        | Noticed a meat beast
    68 | D        | HP: 45/228 [The Servant/+9 glaive of flaming (126)]
    68 | D        | Annihilated by a meat berserker

Illustrated notes

Levels and vault maps discovered:
D:        meatsprint

Skill      XL: |  1  2  3  4  5  6  7  8  9 10 11 12 13 14 15 16 17 18 19 20 21 22 23 24 25 26 27 |
---------------+----------------------------------------------------------------------------------+-----
Fighting       | 16 20 23 27 | 27.0
Axes           | 14 19 27 | 27.0
Throwing       | 14 19 22 26 27 | 27.0
Dodging        | 18 22 25 27 | 27.0
Spellcasting   | 15 24 27 | 27.0
Conjurations   | 15 24 27 | 27.0
Hexes          | 15 24 27 | 27.0
Summonings     | 15 24 27 | 27.0
Necromancy     | 15 24 27 | 27.0
Translocations | 15 24 27 | 27.0
Fire Magic     | 15 24 27 | 27.0
Ice Magic      | 15 24 27 | 27.0
Air Magic      | 15 24 27 | 27.0
Earth Magic    | 15 24 27 | 27.0
Alchemy        | 15 24 27 | 27.0
Armour         | 15 21 26 27 | 27.0
Stealth        | 13 19 24 27 | 27.0
Invocations    | 15 21 26 27 | 27.0
Maces & Flails | 14 19 23 27 | 27.0
Polearms       | 14 19 23 27 | 27.0
Unarmed Combat | 16 22 27 | 27.0
Staves         | 27 | 27.0
Short Blades   | 15 25 | 25.3
Long Blades    | 15 25 | 25.3
Ranged Weapons | 13 23 | 23.5
Shields        | 16 27 | 27.0
Evocations     | 16 27 | 27.0
Shapeshifting  | 13 23 | 23.5

Action                     |  1- 3 |  4- 6 |  7- 9 | 10-12 | 13-15 | 16-18 | 19-21 | 22-24 | 25-27 || total
---------------------------+-------+-------+-------+-------+-------+-------+-------+-------+-------++-------
  Melee: Executioner's axe |     1 |       |       |       |     6 |     8 |     7 |    12 |    16 ||    50
   Cast: Discord           |       |       |       |       |       |       |       |     3 |     2 ||     5
         Alistair's Intoxi |       |       |       |       |       |       |       |       |     1 ||     1
   Stab: Distracted        |       |       |       |       |       |       |       |     6 |     1 ||     7
         Confused          |       |       |       |       |       |       |       |       |     1 ||     1
 Armour: Leather armour    |       |       |       |       |     1 |       |     1 |     5 |     4 ||    11
  Dodge: Dodged            |       |       |       |       |       |       |       |     4 |     1 ||     5

Table legend: (Time is in decaauts)
 A = Elapsed time spent in this place.
 B = Non-inter-level travel time spent in this place.
 C = Inter-level travel time spent in this place.
 D = Time resting spent in this place.
 E = Time spent auto-exploring this place.
 F = Levels seen in this place.
 G = Mean time per level.
                   A        B        C        D        E       F      G
               +--------+--------+--------+--------+--------+-----+--------+
         Total |     56 |     56 |      0 |      0 |      0 |   1 |   56.0 |
       Dungeon |     56 |     56 |      0 |      0 |      0 |   1 |   56.0 |
               +--------+--------+--------+--------+--------+-----+--------+

Top non-repeatable levels by time:
       D: 56 daAuts
